 Dungeon Crawl Stone Soup version 0.25.1-2-g60ff931df9 (webtiles) character file.

Game seed: 6863094904379181940

838 DerDa the Magician (level 7, -1/41 HPs)
             Began as an Octopode Wizard on Nov 7, 2020.
             Slain by a worker ant (2 damage)
             ... on level 5 of the Dungeon.
             The game lasted 00:10:20 (3937 turns).

DerDa the Magician (Octopode Wizard)                Turns: 3937, Time: 00:10:20

Health: -1/41      AC:  1    Str:  6    XL:     7   Next: 99%
Magic:  12/15      EV: 13    Int: 22    God:
Gold:   345        SH:  0    Dex: 11    Spells: 7/16 levels left

rFire    + . .     SeeInvis .   p - +0 long sword
rCold    x . .     Gourm    .   (no shield)
rNeg     + . .     Faith    .   a - +0 hat
rPois    .         Spirit   .   j - amulet of magic regeneration
rElec    .         Reflect  .   l - +4 ring of slaying
rCorr    .         Harm     .   t - ring of positive energy
MR       .....                  v - ring of fire
Stlth    +++.......             (no ring)
HPRegen  0.13/turn              (no ring)
MPRegen  0.39/turn              (no ring)
                                (no ring)
                                (no ring)

@: no status effects
A: almost no armour, stealthy swim, amphibious, 8 rings, constrict 8, camouflage
1, gelatinous body 1
a: no special abilities


You were on level 5 of the Dungeon.
You were not hungry.

You visited 1 branch of the dungeon, and saw 5 of its levels.

You collected 345 gold pieces.

Inventory:

Hand Weapons
 b - a +0 club
 o - a +0 falchion
 p - a +0 long sword (weapon)
 x - a +2 flail of holy wrath
Missiles
 e - 102 stones (quivered)
 n - 7 javelins
Armour
 a - a +0 hat (worn)
Jewellery
 j - an amulet of magic regeneration (around mantle)
 l - a +4 ring of slaying (left tentacle)
 t - a ring of positive energy (right tentacle)
 v - a ring of fire (on tentacle)
Wands
 u - a wand of random effects (22)
Scrolls
 d - 3 scrolls of identify {unknown}
 i - 5 scrolls of remove curse {unknown}
 k - 4 scrolls of enchant weapon {unknown}
 m - 2 scrolls of magic mapping {unknown}
 r - a scroll of enchant armour {unknown}
 w - a scroll of random uselessness {unknown}
 y - 2 scrolls of fear {unknown}
 C - 3 scrolls of teleportation {unknown}
Potions
 f - 2 potions of haste {unknown}
 g - a potion of ambrosia {unknown}
 h - a potion of curing {unknown}
 q - a potion of stabbing {unknown}
 s - a potion of flight {unknown}
 z - a potion of heal wounds {unknown}
 B - 2 potions of brilliance {unknown}
Comestibles
 c - 3 rations
 A - 2 chunks of flesh


   Skills:
 - Level 2.0 Dodging
 - Level 2.6 Stealth
 * Level 5.3 Spellcasting
 * Level 4.8 Conjurations
 - Level 1.0 Summonings
   Level 1.0 Translocations
 + Level 2.7 Air Magic
 * Level 4.8 Poison Magic


You had 7 spell levels left.
You knew the following spells:

 Your Spells              Type           Power        Failure   Level  Hunger
a - Magic Dart            Conj           ####         1%          1    None
b - Conjure Flame         Conj/Fire      ###.....     11%         3    ##.....
c - Call Imp              Summ           ##......     10%         2    None
u - Mephitic Cloud        Conj/Pois/Air  ###.....     5%          3    ##.....

Your spell library contained the following spells:

 Spells                   Type           Power        Failure   Level  Hunger
 Beastly Appendage        Tmut           #.....       10%         1    None
 Blink                    Tloc           N/A          10%         2    None
 Spider Form              Tmut/Pois      ###.......   11%         3    ##.....
 Slow                     Hex            #.......     14%         2    None
 Sticks to Snakes         Tmut           #.......     14%         2    None
 Ice Form                 Ice/Tmut       #.......     67%         4    ####...
 Blade Hands              Tmut           #.........   95%         5    #####..


Dungeon Overview and Level Annotations

Branches:
Dungeon (5/15)
 Temple: D:4-7

Altars:
Ashenzari
Gozag
Nemelex Xobeh
Qazlal
Ru
Trog
Uskayaw
Zin

Annotations:
D:4 Dowan
D:5 1 runed translucent door, lysyklops's ghost, novice MiBe


Innate Abilities, Weirdness & Mutations

You cannot wear most types of armour.
You are very stealthy in the water. (Stealth+)
You are amphibious.
You can wear up to eight rings at the same time.
You can use your tentacles to constrict eight enemies at once.
Your skin changes colour to match your surroundings (Stealth+).
Your rubbery body absorbs attacks. (AC +1, EV +1)


Message History

Aiming: Magic Dart (safe; 1% risk of failure)
Press: ? - help, Shift-Dir - straight line, f/p - centaur
Aim: a centaur, wielding a +0 shortbow and quivering 15 arrows (lightly wounded)
The magic dart hits the centaur.
The centaur is moderately wounded.
The centaur shoots an arrow.
The arrow hits you!
Casting: Magic Dart (safe; 1% risk of failure)
Confirm with . or Enter, or press ? or * to list all spells.
Aiming: Magic Dart (safe; 1% risk of failure)
Press: ? - help, Shift-Dir - straight line, f/p - centaur
Aim: a centaur, wielding a +0 shortbow and quivering 14 arrows (moderately wounded)
The magic dart hits the centaur.
The centaur is heavily wounded.
The centaur shoots an arrow.
The arrow hits you.
The centaur shoots an arrow.
The arrow hits you!
* * * LOW HITPOINT WARNING * * *
You see here an arrow.
The worker ant waves its antennae.
The worker ant bites you.
You die...

.. ##.....##.#
##..a#.8...8.#.#
..
##....#.......#.#
##+
#........._.....#
... .....
#.......### ...
......#.8...8.#
...
......##.....##
...
.......###.###
.#. ..†c...(a@.#
## ############ #
... #...


You could see a centaur and a worker ant.

Vanquished Creatures
  Sigmund (D:4)
  Edmund (D:4)
  An ogre (D:4)
  4 hounds
  2 orc priests
  Terence (D:2)
  2 orc wizards
  Natasha (thrice) (D:3)
  A worker ant (D:5)
  A worker ant zombie (D:5)
  2 adders (D:5)
  An ooze (D:3)
  An adder skeleton (D:4)
  2 worms
  A dart slug (D:2)
  3 leopard geckos
  8 orcs
  7 bats
  7 giant cockroaches
  3 hobgoblins
  2 jackals (D:3)
  3 kobolds
  6 quokkas
  5 frilled lizards
  5 goblins
  A leopard gecko skeleton (D:4)
  8 rats
82 creatures vanquished.

Notes
Turn   | Place    | Note
-------+----------+-------------------------------------------
     0 | D:1      | DerDa the Octopode Wizard began the quest for the Orb.
     0 | D:1      | Reached XP level 1. HP: 11/11 MP: 4/4
   247 | D:1      | Reached XP level 2. HP: 17/17 MP: 1/6
   968 | D:2      | Found a hide-covered altar of Uskayaw.
  1027 | D:2      | Found a faded altar of an unknown god.
  1052 | D:2      | Reached XP level 3. HP: 21/21 MP: 5/7
  1383 | D:2      | Learned a level 3 spell: Mephitic Cloud
  1387 | D:2      | Learned a level 3 spell: Conjure Flame
  1390 | D:2      | Learned a level 2 spell: Call Imp
  1449 | D:2      | Noticed Terence
  1469 | D:2      | Killed Terence
  1469 | D:2      | Reached skill level 1 in Poison Magic
  1469 | D:2      | Reached XP level 4. HP: 16/27 MP: 1/9
  1662 | D:2      | Found a shattered altar of Ashenzari.
  1745 | D:2      | Found a sparkling altar of Nemelex Xobeh.
  2146 | D:3      | Noticed Natasha
  2152 | D:3      | Killed Natasha
  2311 | D:3      | Noticed Natasha
  2315 | D:3      | Killed Natasha
  2315 | D:3      | Reached skill level 4 in Spellcasting
  2315 | D:3      | Reached XP level 5. HP: 31/31 MP: 6/11
  2417 | D:3      | Noticed Natasha
  2426 | D:3      | Killed Natasha
  2426 | D:3      | Reached skill level 1 in Air Magic
  2447 | D:3      | Found a bloodstained altar of Trog.
  2531 | D:3      | Found a stormy altar of Qazlal.
  2800 | D:3      | Reached XP level 6. HP: 24/36 MP: 1/12
  2937 | D:4      | Found a sacrificial altar of Ru.
  3141 | D:4      | Noticed Edmund
  3161 | D:4      | Killed Edmund
  3161 | D:4      | Reached XP level 7. HP: 37/41 MP: 4/14
  3236 | D:4      | Noticed Sigmund
  3244 | D:4      | Killed Sigmund
  3244 | D:4      | Reached skill level 5 in Spellcasting
  3419 | D:4      | Noticed Dowan
  3446 | D:5      | Entered Level 5 of the Dungeon
  3476 | D:5      | Found a runed translucent gate.
  3624 | D:5      | Found a glowing silver altar of Zin.
  3863 | D:5      | Noticed lysyklops's ghost (novice MiBe)
  3909 | D:5      | Found an opulent altar of Gozag.
  3936 | D:5      | HP: 1/41 [centaur/arrow (14)]
  3937 | D:5      | Slain by a worker ant

Illustrated notes

Levels and vault maps discovered:
D:1:      eino_arrival_tree_alley, layout_loops_cross
D:2:      layout_rooms, old_standard_altar, nicolae_overflow_crystal_walls,
          first_ration, chequers_ecumenical_altar_twisty,
          chequers_serial_rivers_micro_e, nemelex_altar_shiori, uniq_terence
D:3:      layout_loops_ring, lemuel_round_altar,
          nicolae_qazlal_eye_of_the_storm, uniq_natasha
D:4:      layout_loops_cross, hangedman_ru_absence, uniq_edmund, uniq_duvessa,
          uniq_sigmund
D:5:      layout_rooms, grunt_gozag_statues, lemuel_crystal_altar,
          gammafunk_ghost_icy, chequers_serial_rivers_micro_c

Skill      XL: |  1  2  3  4  5  6  7 |
---------------+----------------------+-----
Conjurations   | 2 3 4 |  4.8
Poison Magic   | 1 2 3 4 |  4.8
Spellcasting   | 4 5 |  5.3
Air Magic      | 1 2 |  2.7
Dodging        | |  2.0
Stealth        | |  2.6
Summonings     | |  1.0
Translocations | |  1.0

Action                   |  1- 3 |  4- 6 |  7- 9 || total
-------------------------+-------+-------+-------++-------
Melee: Club              |    11 |       |       ||    11
       Constrict         |     4 |     4 |       ||     8
       Tentacles         |     1 |     2 |       ||     3
       Long sword        |       |     6 |     1 ||     7
 Cast: Magic Dart        |    77 |   109 |    59 ||   245
       Mephitic Cloud    |     1 |     2 |     3 ||     6
       Conjure Flame     |       |     1 |     1 ||     2
  Eat: Chunk             |     1 |     6 |     2 ||     9
Armor: Skin              |     3 |     3 |       ||     6
Dodge: Dodged            |    16 |    21 |     5 ||    42
       Rpst.: Long sword |       |     8 |     1 ||     9
